AoeStats
← aDT_The Night Panda

African Clearing

506899650Analyzed
4v4 RM · 17d ago on Sep 15, 2026· 28m 49s· 8 players
Game mode
Random Map
Map size
Large (8 player)
Population
200
Speed
Normal
Resources
Standard
Victory
Conquest
Starting age
Dark Age
Ending age
Imperial Age
RankedLock teamsTeams togetherTeam positionsShared explorationLock speedFull tech treeHidden civsTurbo modeCheats
Victory
Defeat
🇳🇱 Celts · Netherlands
1876
+10
🇺🇦 Italians · Ukraine
1751
+15
🇨🇦 Cumans · Canada
1666
+19
🇲🇽 Spanish · Mexico
1555
+24
🇩🇰 Teutons · Denmark
1807
-20
🇩🇰 Vikings · Denmark
1803
-20
🇩🇰 Khitans · Denmark
1763
-18
🇩🇰 Bengalis · Denmark
1558
-10
lxnmnk Trade | B | S
7:31 Loom
14:48 Feudal Age
15:31 Double-Bit Axe
19:32 Forging
21:20 Scale Barding Armor
26:44 Castle Age
25:22 Horse Collar
28:11 Chain Barding Armor
weniaasdf
12:21 Feudal Age
13:51 Double-Bit Axe
15:37 Loom
16:31 Horse Collar
18:24 Scale Barding Armor
22:38 Wheelbarrow
25:55 Castle Age
24:23 Gold Mining
24:45 Bloodlines
25:13 Forging
27:01 Chain Barding Armor
27:01 Bow Saw
27:20 Hand Cart
[LW] Faneth
11:56 Feudal Age
12:26 Double-Bit Axe
12:04 Man-at-Arms
12:40 Loom
14:13 Arson
19:04 Scale Mail Armor
22:06 Forging
29:31 Castle Age
Kanon
5:10 Loom
14:22 Feudal Age
18:31 Castle Age
16:36 Double-Bit Axe
Young Carter
8:09 Loom
12:17 Feudal Age
12:59 Double-Bit Axe
17:21 Forging
19:54 Fletching
30:55 Castle Age
aDT_The Night Panda
7:37 Loom
DK | Mauseren
10:13 Loom
13:33 Feudal Age
14:34 Double-Bit Axe
17:16 Castle Age
18:33 Scale Barding Armor
18:41 Forging
DK | MadsKillz
8:25 Loom
12:13 Feudal Age
15:51 Fletching
18:41 Padded Archer Armor
24:37 Castle Age
22:44 Double-Bit Axe
24:11 Gold Mining
24:32 Horse Collar
24:39 Crossbowman
25:15 Bodkin Arrow
27:30 Leather Archer Armor
Connection lost

Rejoining the realm…

Still unreachable

The connection could not be restored.

Session expired

The server has moved on; the page needs a fresh start.